 Dungeon Crawl Stone Soup version 0.26.0-90-g5fd8617961 (webtiles) character file.

Game seed: 6606009235674592288

63 Gadfly the Cudgeller (level 4, 0/44 HPs)
             Began as an Ogre Gladiator on Feb 2, 2021.
             Was an Initiate of the Shining One.
             Succumbed to an adder's poison
             ... on level 2 of the Dungeon.
             The game lasted 00:02:05 (1854 turns).

Gadfly the Cudgeller (Ogre Gladiator)               Turns: 1854, Time: 00:02:06

Health: 0/44       AC:  3    Str: 19    XL:     4   Next: 10%
Magic:  5/5        EV: 10    Int:  9    God:    the Shining One [......]
Gold:   92         SH:  0    Dex: 10    Spells: 3/3 levels left

rFire    . . .     SeeInvis .   a - +0 flail
rCold    . . .     Faith    .   (no shield)
rNeg     . . .     Spirit   .   b - +0 robe
rPois    .         Reflect  .   c - +0 hat
rElec    .         Harm     .   (no cloak)
rCorr    .         Rampage  .   (gloves unavailable)
Will     .....                  (boots unavailable)
Stlth    +.........             (no amulet)
HPRegen  0.14/turn              (no ring)
MPRegen  0.09/turn              (no ring)

@: brilliant, lethally poisoned (0 -> -6), flying, glowing
A: large, unfitting armour, tough skin 1
a: Renounce Religion


You were on level 2 of the Dungeon.
You worshipped the Shining One.
The Shining One was noncommittal.
You visited 1 branch of the dungeon, and saw 2 of its levels.

You collected 92 gold pieces.

Inventory:

Hand Weapons
 a - a +0 flail (weapon)
Missiles
 d - 3 throwing nets
 e - 56 stones (quivered)
Armour
 b - a +0 robe (worn)
 c - a +0 hat (worn)
Scrolls
 f - a scroll of magic mapping
 j - a scroll of amnesia {unknown}
Potions
 i - a potion of curing {unknown}


   Skills:
 - Level 2.6 Fighting
 + Level 2.9 Maces & Flails
 + Level 2.3 Throwing
 * Level 1.3 Armour
 - Level 2.6 Dodging
 * Level 1.6 Invocations
 * Level 1.2 Evocations


You had 3 spell levels left.
You didn't know any spells.
Your spell library was empty.

Dungeon Overview and Level Annotations

Branches:
Dungeon (2/15)

Altars:
The Shining One


Innate Abilities, Weirdness & Mutations

You are too large for most types of armour.
You have tough skin. (AC +1)


Message History

You closely miss the adder.
The adder is severely wounded.
* * * LOW HITPOINT WARNING * * *
You feel sick. The adder bites you.
* * * LOW HITPOINT WARNING * * *
The adder bites you.
* * * LOW HITPOINT WARNING * * *
It was a potion of brilliance.
You feel clever all of a sudden.
* * * LOW HITPOINT WARNING * * *
You feel sick. The adder closely misses you.
You sock the adder!
You kill the adder!
* * * LOW HITPOINT WARNING * * *
You feel sick.
You have reached level 4!
It was a potion of flight.
You feel very buoyant.
You fly up into the air.
You die...

#...#......#........#
#.....#....#........#
#.....#....#........#######
###...#....#...............
#........#.#'####........
#......###.#.# #........
#......# #.#.# #........
#......###.#.# #........
#......†@..#.# #........
###....#####.# #........
#.#### #)# ######### #.#
#.# #.# #.# #.# #.# #.#


There were no monsters in sight!

Vanquished Creatures
  2 adders (D:2)
  A worm (D:2)
  2 dart slugs (D:1)
  2 leopard geckos (D:1)
  A ball python (D:2)
  A giant cockroach (D:2)
  7 goblins
  4 hobgoblins
  5 kobolds (D:1)
  A quokka (D:2)
  3 bats (D:1)
  7 rats
36 creatures vanquished.

Notes
Turn   | Place    | Note
-------+----------+-------------------------------------------
     0 | D:1      | Gadfly the Ogre Gladiator began the quest for the Orb.
     0 | D:1      | Reached XP level 1. HP: 22/22 MP: 1/1
   240 | D:1      | Reached XP level 2. HP: 10/29 MP: 2/2
   596 | D:1      | Reached skill level 1 in Invocations
   836 | D:1      | Reached XP level 3. HP: 31/36 MP: 3/3
  1234 | D:1      | Reached skill level 1 in Armour
  1643 | D:2      | Reached skill level 1 in Evocations
  1743 | D:2      | Found a glowing golden altar of the Shining One.
  1763 | D:2      | Became a worshipper of the Shining One
  1853 | D:2      | HP: 1/36 [poisoned by an adder]
  1854 | D:2      | Reached XP level 4. HP: 1/44 MP: 5/5
  1854 | D:2      | Succumbed to an adder's poison

Illustrated notes

Levels and vault maps discovered:
D:1:      heliophobic_arrival_ceremonial_halls, layout_rooms,
          minmay_misc_feat_chi
D:2:      layout_basic, lemuel_doored_altar, old_standard_altar, uniq_terence

Skill      XL: |  1  2  3 |
---------------+----------+-----
Invocations    | 1 |  1.6
Armour         | 1 |  1.3
Evocations     | 1 |  1.2
Fighting       | |  2.6
Maces & Flails | |  2.9
Throwing       | |  2.3
Dodging        | |  2.6

Action                   |  1- 3 |  4- 6 || total
-------------------------+-------+-------++-------
Melee: Flail             |   118 |       ||   118
Throw: Stone             |     9 |       ||     9
  Use: Scroll            |     3 |       ||     3
       Potion            |     1 |     1 ||     2
 Stab: Sleeping          |     1 |       ||     1
Armor: Robe              |    54 |       ||    54
Dodge: Dodged            |   107 |       ||   107
